 Dungeon Crawl Stone Soup version 0.32-a0-172-gc5dd13f2a7 (webtiles) character file.

Game seed: 5037470784928412999

120 lunkers the Gusty (level 5, -5/45 HPs)
             Began as an Oni Air Elementalist on Feb 12, 2024.
             Slain by Sigmund
             ... wielding a +5 scythe of flaming
              (10 damage)
             ... on level 3 of the Dungeon.
             The game lasted 00:03:00 (2038 turns).

lunkers the Gusty (Oni Air Elementalist)            Turns: 2038, Time: 00:03:00

Health: -5/45      AC:  4    Str: 12    XL:     5   Next: 4%
Magic:  3/10       EV:  9    Int: 18    God:
Gold:   116        SH:  0    Dex:  9    Spells: 8/11 levels left

rFire   . . .        c - +0 rapier (heavy)
rCold   . . .        (no shield)
rNeg    . . .        a - +1 robe
rPois   .            (helmet restricted)
rElec   .            (no cloak)
rCorr   .            (gloves unavailable)
SInv    .            (boots unavailable)
Will    .....        (no amulet)
Stlth   +            (no ring)
HPRegen 0.27/turn    (no ring)
MPRegen 0.12/turn

%: no passive effects
@: no status effects
A: large, unfitting armour, horns 1, tough skin 1, double potion healing,
drunken brawling
a: no special abilities


You were on level 3 of the Dungeon.
You visited 1 branch of the dungeon, and saw 3 of its levels.

You collected 116 gold pieces.

Inventory:

Hand Weapons
 c - a +0 heavy rapier (weapon)
Armour
 a - a +1 robe (worn)
Jewellery
 k - a ring of fire
Wands
 d - a wand of paralysis (12)
Scrolls
 g - 2 scrolls of identify
 i - 2 scrolls of brand weapon
 j - a scroll of teleportation {unknown}
Potions
 b - a potion of magic
 e - a potion of attraction
 f - a potion of lignification {unknown}
 h - a potion of curing {unknown}
 l - a potion of might {unknown}


   Skills:
 - Level 1.7 Dodging
 - Level 1.4 Stealth
 + Level 3.8 Spellcasting
 - Level 0.8 Conjurations
 * Level 4.4 Air Magic


You had 8 spell levels left.
You knew the following spells:

 Your Spells              Type           Power      Damage    Failure   Level
a - Shock                 Conj/Air       48%        1d6       4%          1
b - Static Discharge      Conj/Air       24%        3-4/arc   8%          2

Your spell library contained the following spells:

 Spells                   Type           Power      Damage    Failure   Level
 Swiftness                Air            19%        N/A       8%          3
 Airstrike                Air            9%         2d(2-18)  24%         4
 Dazzling Flash           Conj/Hex       8%         N/A       36%         3
 Volatile Blastmotes      Fire/Tloc      6%         2d10      41%         3
 Passage of Golubria      Tloc           3%         N/A       83%         4
 Silence                  Hex/Air        5%         N/A       86%         5
 Starburst                Conj/Fire      2%         6d3       100%        6
 Lehudib's Crystal Spear  Conj/Erth      2%         10d2      100%        8
 Maxwell's Capacitive Co  Air            9%         ∞         100%        8


Dungeon Overview and Level Annotations

Branches:
Dungeon (3/15)

Altars:
Ru

Shops:
D:2 (

Annotations:
D:3 Sigmund


Innate Abilities, Weirdness & Mutations

You are too large for most types of armour.
You have a pair of small horns on your head.
You have tough skin. (AC +1)
You gain doubled healing and magic from potions.
Whenever you drink a healing potion, you attack all around you.


Message History

Casting: Shock (safe; 5% risk of failure)
Confirm with . or Enter, or press ? or * to list all spells.
The zap hits Sigmund.
Sigmund is heavily wounded.
The zap hits Sigmund.
Sigmund is severely wounded.
Unknown command.
Casting: Shock (safe; 5% risk of failure)
Confirm with . or Enter, or press ? or * to list all spells.
The zap misses Sigmund.
The zap hits Sigmund.
Sigmund is severely wounded.
Sigmund hits you from afar with a +5 scythe of flaming!
* * * LOW HITPOINT WARNING * * *
Sigmund burns you.
* * * LOW HITPOINT WARNING * * *
Aiming: Shock (safe; 5% risk of failure)
Press: ? - help, Q - select action, (/) - cycle Shift-Dir - straight line, f/p - Sigmund
Aim: Sigmund, wielding a +5 scythe of flaming and wearing a +0 robe (severely wounded, 64% to hit)
The zap hits Sigmund.
Sigmund is severely wounded.
The zap hits the giant cockroach.
The giant cockroach is heavily wounded.
The zap hits the giant cockroach.
You kill the giant cockroach!
The zap hits Sigmund.
Sigmund is severely wounded.
Unknown command.
Aiming: Shock (safe; 4% risk of failure)
Press: ? - help, Q - select action, (/) - cycle Shift-Dir - straight line, f/p - Sigmund
Aim: Sigmund, wielding a +5 scythe of flaming and wearing a +0 robe (severely wounded, 64% to hit)
The zap hits Sigmund.
Sigmund is almost dead.
The zap misses Sigmund.
Sigmund hits you from afar with a +5 scythe of flaming!
* * * LOW HITPOINT WARNING * * *
Sigmund burns you.
* * * LOW HITPOINT WARNING * * *
Sigmund hits you with a +5 scythe of flaming!
You die...
Sigmund begins carving another notch in his scythe.

#.##.#.....#
#.##.#.....####
#.##.+.....>..#
##.####......#.###
#.....<...........
#..###.#####......
#......#..........
#.######.####.##..
#@# #.##.. #@#
#.##.. #....@B..
#.##.. ########.
..###. .......
...#### . .....
#####


You could see Sigmund.

Vanquished Creatures
  Jessica (D:3)
  3 gnolls (D:2)
  An adder (D:3)
  A dart slug (D:1)
  2 ribbon worms
  4 bats
  3 endoplasms
  2 giant cockroaches
  4 hobgoblins
  3 jackals (D:1)
  4 quokkas
  4 ball pythons
  4 frilled lizards
  7 goblins
  2 kobolds
  3 rats
48 creatures vanquished.

Notes
Turn   | Place    | Note
-------+----------+-------------------------------------------
     0 | D:1      | lunkers the Oni Air Elementalist began the quest for the
                  | Orb.
     0 | D:1      | Reached XP level 1. HP: 16/16 MP: 3/3
   170 | D:1      | Reached skill level 3 in Air Magic
   172 | D:1      | Reached XP level 2. HP: 24/24 MP: 0/5
   577 | D:2      | Reached XP level 3. HP: 31/31 MP: 0/7
   666 | D:2      | Learned a level 2 spell: Static Discharge
   753 | D:2      | Found a sacrificial altar of Ru.
  1019 | D:2      | Reached XP level 4. HP: 38/39 MP: 1/9
  1162 | D:2      | Found a faded altar of an unknown god.
  1368 | D:2      | Found Poptegh's Antique Weapon Shoppe.
  1450 | D:2      | Reached skill level 4 in Air Magic
  1705 | D:3      | Noticed Jessica
  1717 | D:3      | Killed Jessica
  1815 | D:3      | Reached XP level 5. HP: 45/45 MP: 5/10
  2026 | D:3      | Noticed Sigmund
  2038 | D:3      | Slain by Sigmund

Illustrated notes

Levels and vault maps discovered:
D:1:      lemuel_arrival_cross, layout_basic
D:2:      layout_rooms, basic_altar, shapermc_ecumenical_altar_acropolis,
          serial_shops, nicolae_shop_behind_doors
D:3:      layout_basic, gup_sewer_entry_bowl, minmay_circle_x, uniq_sigmund,
          uniq_jessica, uniq_crazy_yiuf_cottage

Skill      XL: |  1  2  3  4 |
---------------+-------------+-----
Air Magic      | 3 4 |  4.4
Spellcasting   | 3 |  3.8
Dodging        | |  1.7
Stealth        | |  1.4
Conjurations   | |  0.8

Action                     |  1- 3 |  4- 6 || total
---------------------------+-------+-------++-------
  Melee: Unarmed           |     3 |       ||     3
         Rapier            |     8 |    12 ||    20
         Headbutt          |     1 |     2 ||     3
   Cast: Shock             |    61 |    46 ||   107
         Static Discharge  |       |     2 ||     2
    Use: Scroll            |     2 |     2 ||     4
 Armour: Robe              |     9 |    28 ||    37
  Dodge: Dodged            |    12 |    15 ||    27

Table legend: (Time is in decaauts)
 A = Elapsed time spent in this place.
 B = Non-inter-level travel time spent in this place.
 C = Inter-level travel time spent in this place.
 D = Time resting spent in this place.
 E = Time spent auto-exploring this place.
 F = Levels seen in this place.
 G = Mean time per level.
                   A        B        C        D        E       F      G
               +--------+--------+--------+--------+--------+-----+--------+
         Total |   2045 |   1997 |     48 |      0 |   1687 |   3 |  681.7 |
       Dungeon |   2045 |   1997 |     48 |      0 |   1687 |   3 |  681.7 |
               +--------+--------+--------+--------+--------+-----+--------+

Top non-repeatable levels by time:
     D:2: 1037 daAuts
     D:1: 565 daAuts
     D:3: 443 daAuts
